cohdb
Replays
Latest Replays
All Replays
Popular Replays
Top Player Replays
Match Explorer
How It Works
Community
CoH3 Stats
Reddit
Sign in to upload your games and track your stats! →
Sign in with Steam
Match 28611267
Unlisted
Match 28611267
Overview
Messages
Build Orders
End
Pioneer Squad
Construct Infanterie Kompanie
Grenadier Squad
Grenadier Squad
Selects Breakthrough Battlegroup
Selects Assault Grenadiers
MG 42 Machine Gun Team
Infanterie Officer Quarters
Grenadier Squad
Construct Panzergrenadier Kompanie
Pak 40 Anti-tank Gun Team
Selects Smoke Bombing Run
Selects Mechanized Assault Group
Mechanized Assault Group
Pak 40 Anti-tank Gun Team
Construct Luftwaffe Kompanie
Selects Rapid Production
Support Elements
Wirbelwind Flakpanzer
Wirbelwind Flakpanzer
Selects Blitzkrieg
Grenadier Squad
Mechanized Assault Group
Selects Tiger Heavy Tank
Selects Tiger Heavy Tank
Tiger Heavy Tank
Wirbelwind Flakpanzer
Tiger Heavy Tank
Mr.Faraam
TiMMi_ks
Whitebanger
zachjw23
0
0
Comments
sign in to comment!
No comments posted yet!